 Dungeon Crawl Stone Soup version 0.21.1-1-g345015f (webtiles) character file.

24511 wojtek the Fighter (level 12, 0/115 HPs)
             Began as a Minotaur Fighter on Mar 30, 2018.
             Was the Champion of Okawaru.
             Slain by a vampire (4 damage)
             ... on level 11 of the Dungeon.
             The game lasted 00:25:13 (15108 turns).

wojtek the Fighter (Minotaur Fighter)              Turns: 15108, Time: 00:25:14

Health: 0/115      AC: 16    Str: 26    XL:     12   Next: 81%
Magic:  16/16      EV: 17    Int:  3    God:    Okawaru [******]
Gold:   709        SH:  2    Dex: 19    Spells: 11/11 levels left

rFire    . . .     SeeInvis .   M - +3 broad axe (flame)
rCold    . . .     Gourm    .   (no shield)
rNeg     . . .     Faith    .   S - +1 scale mail "Fysahaerr" {MR+++ Int-2 Dex+7}
rPois    .         Spirit   .   (helmet restricted)
rElec    .         Reflect  +   Q - +2 cloak
rCorr    .         Harm     .   (no gloves)
MR       ++++.                  (no boots)
Stlth    ..........             a - +2 amulet of reflection
HPRegen  0.29/turn              (no ring)
MPRegen  0.15/turn              w - +2 ring of dexterity

@: no status effects
A: retaliatory headbutt, horns 2, molten scales 1, magic resistance 1,
MP-powered wands
a: Heroism, Finesse, Renounce Religion


You were on level 11 of the Dungeon.
You worshipped Okawaru.
Okawaru was exalted by your worship.
You were hungry.

You visited 2 branches of the dungeon, and saw 14 of its levels.
You also visited: Sewer.

You collected 806 gold pieces.
You spent 97 gold pieces at shops.

Inventory:

Hand Weapons
 m - a +1 battleaxe of electrocution
 M - a +3 broad axe of flaming (weapon)
 W - a +0 vampiric war axe
Missiles
 u - 3 throwing nets
 I - 6 curare-tipped needles
 P - 15 javelins (quivered)
Armour
 A - a scarf of spirit shield
 C - a +0 plate armour
 D - a +0 crystal plate armour
 Q - a +2 cloak (worn)
 S - the +1 scale mail "Fysahaerr" (worn) {MR+++ Int-2 Dex+7}
   (Okawaru gifted it to you on level 3 of the Lair of Beasts)

   It affects your intelligence (-2).
   It affects your dexterity (+7).
   It affects your resistance to hostile enchantments.
 V - the +1 chain mail "Ivaqaistu" {rPois MR+}
   (You found it on level 9 of the Dungeon)

   It protects you from poison.
   It affects your resistance to hostile enchantments.
 X - a +3 scale mail of magic resistance
Jewellery
 a - a +2 amulet of reflection (around neck)
 w - a +2 ring of dexterity (right hand)
 L - an uncursed ring of ice
Wands
 y - a wand of flame (69)
 B - a wand of polymorph (30)
 N - a wand of random effects (32)
 O - a wand of paralysis (41)
 Z - a wand of scattershot (6)
Scrolls
 b - 3 scrolls of immolation {unknown}
 g - 4 scrolls of blinking
 h - 8 scrolls of teleportation {unknown}
 i - 3 scrolls of random uselessness {unknown}
 k - 7 scrolls of identify
 l - 4 scrolls of remove curse
 n - 5 scrolls of amnesia
 o - 3 scrolls of enchant armour {unknown}
 p - a scroll of magic mapping {unknown}
 v - 4 scrolls of enchant weapon {unknown}
 E - 2 scrolls of fear {unknown}
 J - 2 scrolls of holy word {unknown}
 K - 3 scrolls of fog {unknown}
 R - a scroll of silence {unknown}
Potions
 d - a potion of might
 j - 4 potions of lignification {unknown}
 q - 5 potions of curing
 s - 2 potions of invisibility {unknown}
 t - 7 potions of heal wounds {unknown}
 x - 2 potions of resistance {unknown}
 z - a potion of ambrosia {unknown}
 F - a potion of degeneration {unknown}
 G - 3 potions of flight
 H - 2 potions of brilliance {unknown}
 Y - a potion of haste {unknown}
Books
 r - a book of Conjurations

   Spells                             Type                      Level
   a - Magic Dart                     Conjuration                  1
   b - Searing Ray                    Conjuration                  2
   c - Dazzling Spray                 Conjuration/Hexes            3
   d - Fulminant Prism                Conjuration/Hexes            4
   e - Force Lance                    Conjuration/Translocation    4
   f - Iskenderun's Mystic Blast      Conjuration                  4
 T - the Disquisition on Companions
   (You found it on level 9 of the Dungeon)

   Spells                             Type                      Level
   a - Summon Small Mammal            Summoning                    1
   b - Call Canine Familiar           Summoning                    3
   c - Summon Lightning Spire         Summoning/Air                4
   d - Summon Mana Viper              Hexes/Summoning              5
   e - Malign Gateway                 Summoning/Translocation      7
Miscellaneous
 U - a box of beasts
Comestibles
 c - a chunk of flesh
 f - 25 rations


   Skills:
 * Level 13.3 Fighting
 + Level 12.7 Axes
 * Level 13.2 Armour
 + Level 8.5 Dodging
   Level 3.6 Shields
 + Level 7.7 Invocations


You had 11 spell levels left.
You didn't know any spells.

Dungeon Overview and Level Annotations

Branches:
Dungeon (11/15)            Temple (0/1) D:4            Lair (3/6) D:8
  Swamp: Lair:2-4    Shoals: Lair:2-4     Snake: Lair:2-4    Spider: Lair:2-4
    Orc: D:9-12

Altars:
Cheibriados
Hepliaklqana
Makhleb
Okawaru
Qazlal
Ru
Vehumet
Xom

Shops:
D:4 *   D:8 %(}*   D:9 (

Annotations:
Lair:2 exclusion: downstairs


Innate Abilities, Weirdness & Mutations

You reflexively headbutt those who attack you in melee.
You have a pair of horns on your head.
You are partially covered in molten scales. (AC +2)
You are resistant to hostile enchantments. (MR+)
You expend magic power (3 MP) to strengthen your wands.


Message History

Something hits you but does no damage. Something bites you but does no damage.
Something is blocking the doorway!
Something hits you.
* * * LOW HITPOINT WARNING * * *
Something bites you but does no damage.
Something is blocking the doorway!
Something hits you but does no damage. Something bites you.
* * * LOW HITPOINT WARNING * * *
Something draws strength from your injuries!
Something is blocking the doorway!
Something hits you but does no damage. Something closely misses you.
Something is blocking the doorway!
Something hits you but does no damage. Something bites you but does no damage.
Something is blocking the doorway!
The soldier ant waves its antennae.
Something hits you.
* * * LOW HITPOINT WARNING * * *
You block something's attack.
Something is blocking the doorway!
Something closely misses you. Something bites you.
You die...

########## ........>#
############ .........#
#..........#
.........#####..........#
.......((##aO{..........#
.........(a.##@.=.......#
.........#####..".......#
.........# #.......รท..#
....$....# #########'##
.........# ######.#
.........# ###......#
#####..### #...######
#..# ###.###### #..#
#........#


You could see a two-headed ogre and a soldier ant.

Vanquished Creatures
  Fannar (Lair:2)
  3 two-headed ogres
  A centaur warrior (D:10)
  Urug (Lair:2)
  An ugly thing (D:9)
  2 cyclopes
  2 black mambas
  4 spiny frogs
  3 gargoyles
  3 komodo dragons (Lair:3)
  A meliai (shapeshifter) (D:9)
  5 trolls
  6 hippogriffs
  3 wyverns
  A human (D:10)
  Eustachio (D:5)
  10 yaks
  A hungry ghost (D:11)
  A basilisk (Lair:1)
  Grum (D:11)
  5 vampire mosquitoes (D:9)
  3 water moccasins
  9 porcupines
  An acid dragon (D:9)
  An eye of draining (D:9)
  2 sky beasts (D:8)
  4 black bears
  2 ice beasts (D:9)
  3 necrophages
  2 phantoms
  5 ogres
  7 wolves
  7 centaurs
  9 crocodiles
  3 big kobolds
  19 bullfrogs
  Blork the orc (D:4)
  A water moccasin zombie (D:9)
  3 scorpions
  2 wyvern skeletons (D:11)
  7 killer bees
  5 wights (D:8)
  7 howler monkeys
  2 electric eels (D:8)
  2 crimson imps
  3 jellies
  2 quasits (D:9)
  Crazy Yiuf (D:3)
  13 hounds
  10 orc priests
  22 orc wizards
  3 centaur skeletons
  6 iguanas
  5 worker ants
  A killer bee zombie (D:8)
  A hound zombie (D:9)
  3 hound skeletons
  2 worker ant zombies
  17 gnolls
  16 adders
  A shadow imp (D:11)
  13 oozes
  3 adder zombies (D:6)
  2 adder skeletons
  3 worms (D:2)
  A dart slug (D:2)
  22 leopard geckos
  44 orcs
  17 ball pythons
  12 giant cockroaches
  7 hobgoblins
  6 jackals
  2 quokkas
  5 bats
  20 frilled lizards
  A giant cockroach zombie (D:5)
  3 goblins
  18 kobolds
  A leopard gecko skeleton (D:5)
  A quokka skeleton (D:4)
  3 rats (D:1)
  A fungus (D:3)
454 creatures vanquished.

Vanquished Creatures (others)
  An orc wizard (D:2)
  A kobold (D:2)
2 creatures vanquished.

Grand Total: 456 creatures vanquished

Notes
Turn   | Place    | Note
-------+----------+-------------------------------------------
     0 | D:1      | wojtek the Minotaur Fighter began the quest for the Orb.
     0 | D:1      | Reached XP level 1. HP: 19/19 MP: 0/0
    97 | D:1      | Found a snail-covered altar of Cheibriados.
   100 | D:1      | Reached XP level 2. HP: 26/26 MP: 1/1
   514 | D:2      | Reached XP level 3. HP: 24/31 MP: 2/2
  1035 | D:2      | Reached skill level 5 in Axes
  1039 | D:2      | Found a radiant altar of Vehumet.
  1048 | D:2      | Found a sacrificial altar of Ru.
  1058 | D:2      | Reached XP level 4. HP: 24/39 MP: 3/3
  1435 | D:2      | Reached XP level 5. HP: 42/45 MP: 4/4
  2298 | D:3      | Found a glowing drain.
  2321 | Sewer    | Entered a sewer
  2649 | Sewer    | Reached XP level 6. HP: 44/51 MP: 5/5
  3301 | D:3      | Reached XP level 7. HP: 58/58 MP: 6/6
  3684 | D:3      | Found a runed door.
  3688 | D:3      | Noticed Crazy Yiuf
  3693 | D:3      | Killed Crazy Yiuf
  3803 | D:4      | Found an iron altar of Okawaru.
  3803 | D:4      | Found a stormy altar of Qazlal.
  3828 | D:4      | Became a worshipper of Warmaster Okawaru
  3859 | D:4      | Reached skill level 1 in Dodging
  4121 | D:4      | Found a staircase to the Ecumenical Temple.
  4355 | D:4      | Noticed Blork the orc
  4358 | D:4      | Reached skill level 1 in Invocations
  4363 | D:4      | Killed Blork the orc
  4435 | D:4      | Found Xoatim's General Store.
  4454 | D:4      | Bought a scroll of blinking for 97 gold pieces
  4479 | D:5      | Entered Level 5 of the Dungeon
  4518 | D:5      | Reached * piety under Okawaru
  4518 | D:5      | Reached skill level 5 in Fighting
  4625 | D:5      | Reached skill level 5 in Armour
  4629 | D:5      | Reached XP level 8. HP: 67/68 MP: 8/8
  5222 | D:5      | Noticed Eustachio
  5231 | D:5      | Killed Eustachio
  5886 | D:6      | Reached ** piety under Okawaru
  5915 | D:6      | Reached skill level 10 in Axes
  6052 | D:6      | Reached XP level 9. HP: 72/79 MP: 8/10
  6485 | D:7      | Reached *** piety under Okawaru
  7023 | D:8      | Noticed a two-headed ogre
  7035 | D:8      | Killed a two-headed ogre
  7048 | D:8      | Found a hazy altar of Hepliaklqana.
  7111 | D:8      | Reached **** piety under Okawaru
  7121 | D:8      | Noticed a troll
  7142 | D:8      | Reached XP level 10. HP: 62/90 MP: 12/12
  7413 | D:8      | Found a staircase to the Lair.
  7417 | D:8      | Reached skill level 5 in Dodging
  7784 | D:8      | Found Hinaesh's Gadget Boutique.
  7819 | D:8      | Found Tarem's Food Boutique.
  7824 | D:8      | Found a shimmering altar of Xom.
  7938 | D:8      | Found Bipoqink's Weapon Boutique.
  7962 | D:8      | Found Lann's Assorted Antiques.
  8260 | Lair:1   | Entered Level 1 of the Lair of Beasts
  8260 | Lair:1   | Noticed a spiny frog
  8276 | D:8      | Gained mutation: You expend magic power (3 MP) to strengthen your wands. [potion of mutation]
  8276 | D:8      | Gained mutation: You are partially covered in molten scales. (AC +2) [potion of mutation]
  8276 | D:8      | Gained mutation: You are resistant to hostile enchantments. (MR+) [potion of mutation]
  8278 | D:8      | Killed a spiny frog
  9304 | Lair:2   | Noticed a spiny frog
  9318 | Lair:1   | Killed a spiny frog
  9318 | Lair:1   | Reached skill level 5 in Invocations
  9325 | Lair:2   | Reached skill level 10 in Fighting
  9396 | Lair:2   | Noticed Urug
  9410 | Lair:2   | Killed Urug
  9410 | Lair:2   | Reached ***** piety under Okawaru
  9410 | Lair:2   | Reached skill level 10 in Armour
  9644 | Lair:2   | Noticed a black mamba
  9652 | Lair:2   | Killed a black mamba
  9859 | Lair:2   | Reached XP level 11. HP: 95/101 MP: 12/14
 10034 | Lair:2   | Noticed Fannar
 10063 | Lair:2   | Killed Fannar
 10842 | Lair:3   | Received a gift from Okawaru
 10857 | Lair:3   | Got a slimy scale mail {god gift}
 11025 | Lair:3   | Identified the +1 scale mail "Fysahaerr" {MR+++ Int-2 Dex+7} (Okawaru gifted it to you on level 3 of the Lair of Beasts)
 11469 | Lair:3   | Noticed a five-headed hydra
 11479 | Lair:3   | HP: 5/102 [eight-headed hydra (9)]
 11916 | D:9      | Found Kinexifo's Weapon Boutique.
 11931 | D:9      | Found a burning altar of Makhleb.
 11961 | D:9      | Noticed a cyan ugly thing
 11987 | D:9      | Killed a cyan ugly thing
 12388 | D:9      | Identified the Disquisition on Companions
 12426 | D:9      | Got a transparent chain mail
 12433 | D:9      | Identified the +1 chain mail "Ivaqaistu" {rPois MR+} (You found it on level 9 of the Dungeon)
 12550 | D:9      | Reached XP level 12. HP: 95/112 MP: 16/16
 13342 | D:9      | Reached ****** piety under Okawaru
 13443 | D:10     | Entered Level 10 of the Dungeon
 13488 | D:10     | Noticed a two-headed ogre
 13497 | D:10     | Killed a two-headed ogre
 13619 | D:10     | Received a gift from Okawaru
 13797 | D:10     | Noticed a two-headed ogre
 13802 | D:10     | Killed a two-headed ogre
 14092 | D:10     | Noticed a centaur warrior
 14097 | D:10     | Killed a centaur warrior
 14783 | D:11     | Noticed Grum
 14798 | D:11     | Killed Grum
 15035 | D:11     | Received a gift from Okawaru
 15070 | D:11     | Noticed a two-headed ogre
 15104 | D:11     | HP: 4/115 [something (3)]
 15108 | D:11     | Slain by a vampire

Skill      XL: |  1  2  3  4  5  6  7  8  9 10 11 12 |
---------------+-------------------------------------+-----
Axes           | 3 4 5 6 7 9 10 11 12 | 12.7
Fighting       | 5 7 8 10 12 13 | 13.3
Armour         | 5 6 8 10 11 13 | 13.2
Dodging        | 2 3 4 6 7 8 |  8.5
Invocations    | 1 3 4 5 6 7 |  7.7
Shields        | |  3.6

Action                   |  1- 3 |  4- 6 |  7- 9 | 10-12 || total
-------------------------+-------+-------+-------+-------++-------
Melee: War axe           |    80 |   245 |   417 |   560 ||  1302
       Headbutt          |    10 |    36 |    95 |   187 ||   328
       Battleaxe         |       |       |       |   114 ||   114
       Broad axe         |       |       |       |     9 ||     9
Invok: Heroism           |       |       |       |     7 ||     7
Evoke: Wand              |       |       |       |     5 ||     5
  Use: Scroll            |       |       |     4 |     3 ||     7
       Potion            |       |       |       |     3 ||     3
  Eat: Chunk             |     1 |     7 |    13 |    23 ||    44
       Ration            |       |       |       |     1 ||     1
Armor: Chain mail        |    54 |   109 |    16 |       ||   179
       Scale mail        |     1 |       |       |   180 ||   181
       Plate armour      |       |       |   158 |    95 ||   253
Dodge: Dodged            |    17 |    39 |    81 |   341 ||   478
Block: Shield            |    43 |   126 |   171 |   289 ||   629
       Other             |       |       |       |     1 ||     1
